 Dungeon Crawl Stone Soup version 0.17.1-3-g152610e (webtiles) character file.

80 Breadlance the Insei (level 4, -4/29 HPs)
             Began as an Octopode Transmuter on Apr 6, 2016.
             Slain by a gnoll
             ... wielding a +0 spear
              (9 damage)
             ... on level 3 of the Dungeon.
             The game lasted 00:04:27 (2542 turns).

Breadlance the Insei (Octopode Transmuter)          Turns: 2542, Time: 00:04:27

Health: -4/29      AC:  2    Str:  9    XL:     4   Next: 39%
Magic:  0/7        EV: 20    Int: 16    God:
Gold:   101        SH:  0    Dex: 20    Spells: 3 memorised, 2 levels left

rFire  . . .     SeeInvis .       - Unarmed
rCold  . . .     Clarity  .     (shield currently unavailable)
rNeg   . . .     SustAt   .     (helmet currently unavailable)
rPois  x         Gourm    .     t - amulet of guardian spirit
rElec  .         Spirit   +     m - +3 ring of dexterity
rCorr  .         Warding  .     (no ring)
rMut   .         Stasis   .     (no ring)
MR     .....                    (no ring)
Stlth  ++........               (no ring)
                                (no ring)
                                (no ring)
                                (no ring)

@: spider-form, not resistant to hostile enchantments, unstealthy
A: almost no armour, amphibious, 8 rings, (constrict 8), (camouflage 0), blurry
vision 2, (gelatinous body 0)
a: End Transformation


You were on level 3 of the Dungeon.
You were hungry.
You were a venomous arachnid creature.
You visited 1 branch of the dungeon, and saw 3 of its levels.

You collected 101 gold pieces.

Inventory:

Missiles
 a - an arrow
 s - 7 arrows of dispersal
Jewellery
 m - a +3 ring of dexterity (left front leg)
 n - an uncursed amulet of clarity
 t - an amulet of guardian spirit (around neck)
Scrolls
 c - a scroll of remove curse
 e - a scroll of amnesia {unknown}
 f - 2 scrolls of teleportation {unknown}
 h - a scroll of fog {unknown}
 i - a scroll of random uselessness {unknown}
 j - a scroll of blinking {unknown}
 k - a scroll of enchant weapon {unknown}
 p - a scroll of noise {unknown}
 q - a scroll of fear {unknown}
Potions
 d - a potion of magic {unknown}
 l - a potion of poison {unknown}
Books
 b - a book of Changes

   Spells                             Type                      Level
   a - Beastly Appendage              Transmutation                1
   b - Sticks to Snakes               Transmutation                2
   c - Spider Form                    Transmutation/Poison         3
   d - Ice Form                       Ice/Transmutation            4
   e - Blade Hands                    Transmutation                5
Comestibles
 o - a meat ration
 r - a beef jerky


   Skills:
 + Level 1.8 Fighting
 + Level 2.4 Dodging
 + Level 1.9 Stealth
 + Level 3.6 Unarmed Combat
 + Level 2.6 Spellcasting
 + Level 2.2 Transmutations


You had 2 spell levels left.
You knew the following spells:

 Your Spells              Type           Power        Failure   Level  Hunger
a - Beastly Appendage     Trmt           #.....       24%         1    #......
b - Sticks to Snakes      Trmt           #.........   32%         2    ##.....
c - Spider Form           Trmt/Pois      #.........   61%         3    ###....


Dungeon Overview and Level Annotations

Branches:
Dungeon (3/15)

Altars:
Fedhas
Yredelemnul


Innate Abilities, Weirdness & Mutations

You cannot wear most types of armour.
You are amphibious.
You can wear up to eight rings at the same time.
((You can use your tentacles to constrict eight enemies at once.))
((Your skin changes colour to match your surroundings (Stealth).))
((Your rubbery body absorbs attacks (AC +1).))
Scrolls take you longer to read.


Message History

You are held in a net!
Casting: Spider Form
Confirm with . or Enter, or press ? or * to list all spells.
You turn into a venomous arachnid creature.
You are held in a net!
You are held in a net!
You are held in a net!
You are held in a net!
You are held in a net!
You are held in a net!
You try to slip out of the net.
The gnoll hits you with a club.
The gnoll hits you from afar with a spear!
You try to slip out of the net.
The gnoll hits you with a club!
The gnoll hits you from afar with a spear.
* * * LOW HITPOINT WARNING * * *
You slip out of the net!
The gnoll closely misses you. The gnoll hits you with a club.
* * * LOW HITPOINT WARNING * * *
The gnoll hits you from afar with a spear!
You die...

#........# #..
######'######..
#.###.....
#>..'.....
############....#
######........
######
#.............
#.....
#..gg.........
#.....
#...gs........
#.....
######........
#.....
#######........
#.....
#.....'........
#.....
#.#####........
####..
#.#....##+#####
#.. #....#.##.#
#.. ###..#.##.#
#.. #..#.##.# #..


You could see 3 gnolls.

Vanquished Creatures
  Ijyb (D:3)
  An adder (D:2)
  An ooze (D:1)
  A worm (D:2)
  3 giant geckos
  6 bats
  A giant cockroach (D:3)
  2 hobgoblins (D:1)
  A ball python (D:3)
  4 giant newts
  5 goblins
  3 kobolds (D:3)
  7 rats
36 creatures vanquished.

Vanquished Creatures (collateral kills)
  A giant gecko (D:2)
  A goblin (D:2)
  A hobgoblin (D:2)
  A kobold (D:2)
4 creatures vanquished.

Grand Total: 40 creatures vanquished

Notes
Turn   | Place    | Note
--------------------------------------------------------------
     0 | D:1      | Breadlance the Octopode Transmuter began the quest for the Orb.
     0 | D:1      | Reached XP level 1. HP: 13/13 MP: 3/3
   282 | D:1      | Reached XP level 2. HP: 16/18 MP: 5/5
   286 | D:1      | Learned a level 2 spell: Sticks to Snakes
  1212 | D:2      | Reached XP level 3. HP: 20/23 MP: 3/6
  1277 | D:2      | Found a blossoming altar of Fedhas.
  1283 | D:2      | Gained mutation: Scrolls take you a little longer to read. [potion of mutation]
  1283 | D:2      | Gained mutation: Scrolls take you longer to read. [potion of mutation]
  1309 | D:2      | HP: 1/23 [poisoned by an adder]
  1839 | D:2      | Found a faded altar to an unknown god.
  1875 | D:2      | Reached skill level 1 in Stealth
  2043 | D:2      | Found a basalt altar of Yredelemnul.
  2104 | D:3      | Learned a level 3 spell: Spider Form
  2261 | D:3      | Noticed Ijyb
  2303 | D:3      | Killed Ijyb
  2303 | D:3      | Reached XP level 4. HP: 10/29 MP: 0/7
  2542 | D:3      | Slain by a gnoll

Action                   |  1- 3 |  4- 6 || total
-------------------------+-------+-------++-------
Melee: Unarmed           |    84 |     8 ||    92
 Cast: Sticks to Snakes  |    11 |       ||    11
       Spider Form       |     1 |     1 ||     2
  Use: Scroll            |     6 |       ||     6
       Potion            |     1 |       ||     1
 Stab: Sleeping          |     7 |       ||     7
  Eat: Bread ration      |     1 |       ||     1
       Chunk             |     1 |       ||     1
